 Dungeon Crawl Stone Soup version 0.27.0-1-g7a089689b8 (webtiles) character file.

Game seed: 9837206078893819126

4 Spectrina the Ducker (level 1, 0/13 HPs)
             Began as a Deep Elf Monk on Aug 2, 2021.
             Slain by a jackal (3 damage)
             ... on level 5 of the Dungeon.
             The game lasted 00:02:25 (260 turns).

Spectrina the Ducker (Deep Elf Monk)                 Turns: 260, Time: 00:02:26

Health: 0/13       AC:  3    Str:  8    XL:     1   Next: 58%
Magic:  3/3        EV: 13    Int: 14    God:
Gold:   40         SH:  0    Dex: 17    Spells: 0/0 levels left

rFire    . . .     SeeInvis .   a - +0 short sword
rCold    . . .     Faith    .   (no shield)
rNeg     . . .     Spirit   .   e - +0 leather armour {Will+}
rPois    .         Reflect  .   (no helmet)
rElec    .         Harm     .   (no cloak)
rCorr    .         Rampage  .   (no gloves)
Will     +....                  (no boots)
Stlth    ++........             (no amulet)
HPRegen  0.04/turn              (no ring)
MPRegen  0.08/turn              (no ring)

@: no status effects
A: no striking features
a: no special abilities


You were on level 5 of the Dungeon.
You visited 1 branch of the dungeon, and saw 5 of its levels.

You collected 40 gold pieces.

Inventory:

Hand Weapons
 a - a +0 short sword (weapon)
Armour
 b - a +0 robe
 e - a +0 leather armour of willpower (worn)
Scrolls
 c - a scroll of torment {unknown}
 f - a scroll of identify {unknown}
 h - a scroll of amnesia {unknown}
Potions
 d - a potion of might {unknown}
 g - a potion of curing {unknown}


   Skills:
 - Level 2.4 Fighting
 - Level 3.0 Short Blades
 - Level 3.6 Dodging
 + Level 3.1 Stealth


You couldn't memorise any spells.
You didn't know any spells.
Your spell library was empty.

Dungeon Overview and Level Annotations

Branches:
Dungeon (5/15)
 Temple: D:4-7

Altars:

Annotations:
D:4 3 runed translucent doors


Message History

There is a stone staircase leading down here.
The jackal bites you.
The jackal bites you but does no damage.
The jackal closely misses you.
You climb downwards.
An adder, 3 orcs and an orc wizard come into view.
There is a stone staircase leading up here.
Unknown command.
The helpless orc wizard fails to defend itself.
You puncture the orc wizard!
The orc wizard is severely wounded.
The jackal closely misses you. The jackal barely misses you.
The jackal closely misses you.
Unknown command.
You closely miss the orc wizard.
The orc wizard is severely wounded.
The adder hisses angrily.
The jackal closely misses you.
The jackal bites you but does no damage. x2
The orc wizard hits you but does no damage.
The jackal misses you. The jackal bites you. The jackal completely misses you.
You hit the orc wizard.
The orc wizard is almost dead.
The orc wizard hits you with a +0 dagger.
The jackal bites you.
* * * LOW HITPOINT WARNING * * *
The jackal barely misses you. The jackal closely misses you.
Unknown command.
Unknown command.
You hit the orc wizard.
The orc wizard is almost dead.
The jackal closely misses you. The jackal misses you.
The orc wizard points at you and mumbles some strange words.
The puff of flame misses you. The orc barely misses you.
The jackal barely misses you.
Unknown command.
You barely miss the orc wizard.
The orc wizard is almost dead.
The jackal bites you.
You die...

## .. .#
.### #
...
###.##h#
#...o@.#
#...ohh#
#o...oS#
#......#
#......#
#......#
#....###
###.#


You could see an orc wizard, an adder, 3 orcs and 3 jackals.

Vanquished Creatures
  A bat (D:3)
  An endoplasm (D:3)
  A giant cockroach (D:3)
  A rat (D:2)
4 creatures vanquished.

Vanquished Creatures (others)
  3 plants (D:4)
3 creatures vanquished.

Grand Total: 7 creatures vanquished

Notes
Turn   | Place    | Note
-------+----------+-------------------------------------------
     0 | D:1      | Spectrina the Deep Elf Monk began the quest for the Orb.
     0 | D:1      | Reached XP level 1. HP: 13/13 MP: 3/3
    17 | D:2      | Noticed an iguana
   181 | D:4      | Noticed a scorpion
   182 | D:4      | Identified the +2 chain mail of Maloz {Str+3}
   230 | D:4      | Noticed a gnoll shaman
   246 | D:4      | Found a runed translucent gate.
   246 | D:4      | Found a runed translucent gate.
   247 | D:4      | Found a runed translucent gate.
   255 | D:5      | Entered Level 5 of the Dungeon
   255 | D:5      | Noticed an orc wizard
   260 | D:5      | Slain by a jackal

Illustrated notes

Levels and vault maps discovered:
D:1:      wander_arrival_peaceful_grave, layout_loops_cross
D:2:      layout_loops_corners, hex_medium, minmay_box_of_dots
D:3:      layout_rooms, grunt_ministairs_1, solitary_fountain, uniq_ijyb
D:4:      layout_layer_cave, gammafunk_ghost_cemetery, chequers_big_river,
          chequers_serial_rivers_room_b, minmay_misc_feat_alley, uniq_robin
D:5:      minmay_inner_zag, layout_basic

Skill      XL: |  1 |
---------------+----+-----
Stealth        | 3 |  3.1
Fighting       | |  2.4
Short Blades   | |  3.0
Dodging        | |  3.6

Action                   || total
-------------------------++-------
Melee: Short sword       ||    25
 Stab: Sleeping          ||     2
Armor: Leather armour    ||     8
       Robe              ||     2
Dodge: Dodged            ||    35
